 Dungeon Crawl Stone Soup version 0.17.0-15-g6d90897 (webtiles) character file.

257 SKei0 the Covert (level 5, 0/38 HPs)
             Began as a Vampire Assassin on Nov 11, 2015.
             Succumbed to a worker ant's poison
             ... on level 4 of the Dungeon.
             The game lasted 00:16:56 (3902 turns).

SKei0 the Covert (Vampire Assassin)                 Turns: 3902, Time: 00:16:56

Health: 0/38       AC:  6    Str: 10    XL:     5   Next: 93%
Magic:  5/5        EV: 13    Int: 13    God:
Gold:   114        SH:  0    Dex: 17    Spells: 0 memorised, 4 levels left

rFire  . . .     SeeInvis +     a - +2 dagger
rCold  . . .     Clarity  .     o - +0 robe (curse)
rNeg   + . .     SustAt   .     (no shield)
rPois  .         Gourm    .     (no helmet)
rElec  .         Spirit   .     d - +0 cloak
rCorr  .         Warding  .     n - +1 pair of gloves
rMut   .         Stasis   +     v - +0 pair of boots
MR     .....                    y - amulet of stasis
Stlth  +++++.....               (no ring)
                                (no ring)

@: lethally poisoned (0 -> -7), not resistant to hostile enchantments, quite
stealthy
A: fangs 3, see invisible, unbreathing
a: Bat Form


You were on level 4 of the Dungeon.
You were not thirsty.

You visited 2 branches of the dungeon, and saw 7 of its levels.

You collected 114 gold pieces.

Inventory:

Hand Weapons
 a - a +2 dagger (weapon)
 b - a +0 blowgun
Missiles
 e - 6 poisoned needles
 f - 2 curare-tipped needles
Armour
 c - a +0 robe
 d - a +0 cloak (worn)
 l - a +0 pair of gloves
 n - a +1 pair of gloves (worn)
 o - a cursed +0 robe (worn)
 v - a +0 pair of boots (worn)
Jewellery
 y - an amulet of stasis (around neck)
Wands
 t - a wand of enslavement (14)
 A - a wand of magic darts (33)
Scrolls
 i - 6 scrolls of identify {unknown}
 j - 3 scrolls of enchant weapon {unknown}
 m - a scroll of recharging {unknown}
 r - a scroll of amnesia {unknown}
 s - 2 scrolls of teleportation {unknown}
 w - a scroll of remove curse {unknown}
 D - a scroll of blinking {unknown}
Potions
 g - 8 potions of blood
 h - 2 potions of heal wounds {unknown}
 k - 2 potions of cancellation {unknown}
 p - a potion of resistance {unknown}
 q - a potion of flight {unknown}
 x - a potion of curing {unknown}
 z - a potion of cure mutation {unknown}
 B - a potion of degeneration {unknown}
 C - 2 potions of might {unknown}
Books
 u - a book of Burglary

   Spells                             Type                      Level
   a - Swiftness                      Charms/Air                   2
   b - Passwall                       Transmutation/Earth          3
   c - Passage of Golubria            Translocation                4
   d - Lee's Rapid Deconstruction     Earth                        5
   e - Darkness                       Hexes                        6
   f - Invisibility                   Hexes                        6


   Skills:
 - Level 2.0 Fighting
 + Level 3.6 Short Blades
 + Level 2.4 Throwing
 + Level 3.0 Dodging
 * Level 8.3 Stealth


You had 4 spell levels left.
You didn't know any spells.

Dungeon Overview and Level Annotations

Branches:
Dungeon (6/15)             Temple (1/1) D:5

Altars:
Ashenzari
Cheibriados
Elyvilon
Kikubaaqudgha
Nemelex Xobeh
Okawaru
Qazlal
Ru
Sif Muna
Vehumet
Yredelemnul
Zin


Innate Abilities, Weirdness & Mutations

You have razor-sharp teeth.
You have supernaturally acute eyesight.
You can survive without breathing.


Message History

The worker ant is almost dead.
The worker ant closely misses you.
You hit the worker ant.
The worker ant is almost dead.
You feel sick. The worker ant closely misses you.
You hit the worker ant but do no damage.
The worker ant is almost dead.
The worker ant barely misses you.
You completely miss the worker ant.
The worker ant is almost dead.
The worker ant bites you but does no damage.
You barely miss the worker ant.
The worker ant is almost dead.
The worker ant bites you.
* * * LOW HITPOINT WARNING * * *
You are more poisoned.
The worker ant poisons you!
You hit the worker ant but do no damage.
The worker ant is almost dead.
You die...

########+
#........
######........
#.............
#.....@a......
#.............
#...........##
#....>).....#
..............#
..............#
..............#
...############
...


You could see a worker ant.

Vanquished Creatures
  A scorpion (D:5)
  A jelly (D:5)
  An orc wizard (D:5)
  A worker ant (D:6)
  A hound zombie (D:5)
  3 adders (D:3)
  2 oozes
  An adder zombie (D:5)
  2 worms
  A giant gecko (D:3)
  6 orcs
  2 giant cockroaches (D:3)
  5 hobgoblins
  4 jackals
  5 kobolds
  8 bats
  4 giant newts
  6 goblins
  6 rats
60 creatures vanquished.

Notes
Turn   | Place    | Note
--------------------------------------------------------------
     0 | D:1      | SKei0 the Vampire Assassin began the quest for the Orb.
     0 | D:1      | Reached XP level 1. HP: 16/16 MP: 1/1
    92 | D:1      | Reached skill level 6 in Stealth
   389 | D:1      | Reached XP level 2. HP: 17/22 MP: 2/2
  1473 | D:2      | Reached XP level 3. HP: 27/27 MP: 3/3
  2514 | D:3      | Reached skill level 7 in Stealth
  2611 | D:3      | Reached XP level 4. HP: 30/33 MP: 4/4
  3199 | D:3      | You fall through a shaft for 3 floors!
  3256 | D:6      | Noticed a four-headed hydra
  3275 | D:5      | Entered Level 5 of the Dungeon
  3280 | D:5      | Reached XP level 5. HP: 38/38 MP: 5/5
  3287 | D:5      | Reached skill level 8 in Stealth
  3464 | D:5      | Found a sacrificial altar of Ru.
  3524 | D:5      | Found a staircase to the Ecumenical Temple.
  3557 | Temple   | Entered the Ecumenical Temple
  3901 | D:4      | HP: 1/38 [worker ant (6)]
  3902 | D:4      | Succumbed to a worker ant's poison

Action                   |  1- 3 |  4- 6 || total
-------------------------+-------+-------++-------
Melee: Dagger            |   116 |    83 ||   199
 Fire: Blowgun           |    19 |       ||    19
  Use: Potion            |     4 |     3 ||     7
 Stab: Sleeping          |    12 |    10 ||    22
       Distracted        |       |     1 ||     1
       Paralysed         |       |     1 ||     1
